 Dungeon Crawl Stone Soup version 0.32-a0-673-g3729bd50f8 (webtiles) character file.

Game seed: 11390081370175491453

838 backslashecho the Slasher (level 7, -2/56 HPs)
             Began as a Demonspawn Gladiator on Mar 10, 2024.
             Slain by Eustachio the steam dragon (8 damage)
             ... on level 5 of the Dungeon.
             The game lasted 00:09:02 (4096 turns).

backslashecho the Slasher (Demonspawn Gladiator)    Turns: 4096, Time: 00:09:02

Health: -2/56      AC:  5    Str: 14    XL:     7   Next: 67%
Magic:  7/7        EV: 14    Int:  8    God:
Gold:   194        SH:  0    Dex: 17    Spells: 6/6 levels left

rFire   . . .        a - +0 long sword
rCold   . . .        (no shield)
rNeg    + . .        b - +0 leather armour
rPois   .            c - +0 helmet
rElec   .            (no cloak)
rCorr   .            (no gloves)
SInv    .            (no boots)
Will    .....        s - amulet of regeneration
Stlth   +            k - ring of positive energy
HPRegen 1.09/turn    (no ring)
MPRegen 0.10/turn

%: no passive effects
@: wreathed by umbra
A: rugged brown scales 1, foul shadow 1
a: no special abilities


You were on level 5 of the Dungeon.
You visited 1 branch of the dungeon, and saw 5 of its levels.

You collected 194 gold pieces.

Inventory:

Hand Weapons
 a - a +0 long sword (weapon)
Missiles
 d - 6 throwing nets
 e - a javelin
 t - 2 poisoned darts (quivered)
Armour
 b - a +0 leather armour (worn)
 c - a +0 helmet (worn)
Jewellery
 k - a ring of positive energy (left hand)
 s - an amulet of regeneration (around neck)
Wands
 q - a wand of polymorph (4)
 r - a wand of acid (6)
 x - a wand of flame (25)
Scrolls
 f - a scroll of noise
 g - 3 scrolls of poison
 h - 4 scrolls of teleportation {unknown}
 i - 5 scrolls of identify {unknown}
 j - 2 scrolls of silence {unknown}
 l - 3 scrolls of amnesia {unknown}
 m - a scroll of enchant armour {unknown}
 w - a scroll of immolation {unknown}
Potions
 n - a potion of curing
 o - 3 potions of attraction {unknown}
 p - a potion of ambrosia {unknown}
 u - a potion of enlightenment {unknown}
 v - a potion of brilliance {unknown}
 z - a potion of lignification {unknown}


   Skills:
 + Level 4.6 Fighting
 * Level 6.2 Long Blades
 - Level 2.0 Throwing
 + Level 4.8 Dodging


You had 6 spell levels left.
You didn't know any spells.
Your spell library contained the following spells:

 Spells                   Type           Power      Damage    Failure   Level
 Sandblast                Erth           0%         2d4       50%         1
 Passwall                 Erth           0%         N/A       86%         3
 Stone Arrow              Conj/Erth      0%         3d7       86%         3
 Brom's Barrelling Bould  Conj/Erth      0%         2d3       99%         4


Dungeon Overview and Level Annotations

Branches:
Dungeon (5/15)
 Temple: D:4-7

Altars:
Ashenzari
Vehumet

Shops:
D:1 !

Annotations:
D:5 Eustachio, Sigmund


Innate Abilities, Weirdness & Mutations

You are partially covered in rugged brown scales. (AC +1, +3% HP)
You are faintly shadowed, very rarely releasing foul flame when damaged in melee.


Message History

It was a scroll of noise.
You hear an angry hiss. x2; You hear a shout! x2; You hear an angry hiss.
You start waiting.
An ice beast is nearby!
Aiming: Corrosive Bolt
Press: ? - help, Shift-Dir - straight line, f - ice beast
Aim: an ice beast (71% to hit)
The bolt of acid hits the ice beast!
The ice beast is moderately wounded.
You closely miss the ice beast.
The ice beast is moderately wounded.
The ice beast hits you but does no damage.
You barely miss the ice beast.
The ice beast is moderately wounded.
The ice beast hits you. The ice beast freezes you!
You take 9 damage, and have 47/56 hp.
You barely miss the ice beast.
The ice beast is moderately wounded.
The ice beast closely misses you. The ice beast hits you.
The ice beast freezes you.
You take 7 damage, and have 40/56 hp.
You hit the ice beast but do no damage.
The ice beast is moderately wounded.
The ice beast misses you.
You barely miss the ice beast.
The ice beast is moderately wounded.
The ice beast closely misses you.
You completely miss the ice beast.
The ice beast is moderately wounded.
The ice beast hits you. The ice beast freezes you!
You take 14 damage, and have 28/56 hp.
MASSIVE DAMAGE!!
You hit the ice beast.
The ice beast is moderately wounded.
The ice beast barely misses you.
You hit the ice beast.
The ice beast is moderately wounded.
The ice beast completely misses you.
You hit the ice beast but do no damage.
The ice beast is moderately wounded.
The ice beast barely misses you.
You hit the ice beast.
The ice beast is heavily wounded.
The ice beast barely misses you.
You hit the ice beast.
The ice beast is severely wounded.
The ice beast hits you but does no damage.
You regained 2 hp, and now have 34/56 hp.
You slash the ice beast!
The ice beast is almost dead.
The ice beast closely misses you.
You slash the ice beast!
You kill the ice beast!
No target in view!
HP restored.
You see here the +6 quarterstaff "Lium" {flame, rC+ rN+}.
Things that are here:
a +0 leather armour; a +2 rapier of venom
Found 6 stones.
Health restored: 56
x - a wand of flame (25)
z - a glowing purple potion
Found a broken altar of Ashenzari.
Found a white marble altar of Elyvilon.
An adder comes into view.
No target in view!
Aiming: Corrosive Bolt
Press: ? - help, Shift-Dir - straight line, f - Eustachio
Aim: Eustachio the steam dragon (wandering, hasn't noticed you, 71% to hit)
The bolt of acid hits Eustachio!
The acid corrodes Eustachio!
Eustachio is moderately wounded.
Eustachio hisses angrily.
Eustachio breathes steam at you. The ball of steam hits you!!
You take 19 damage, and have 37/56 hp.
MASSIVE DAMAGE!!
Aiming: Corrosive Bolt
Press: ? - help, Shift-Dir - straight line, f/p - Eustachio
Aim: Eustachio the steam dragon (moderately wounded, covered in acid, 71% to hit)
The bolt of acid hits Eustachio!
Eustachio seems to be corroded for longer.
Eustachio is almost dead.
You closely miss Eustachio.
Eustachio is almost dead.
You are engulfed in a cloud of scalding steam.
Eustachio closely misses you. Eustachio claws you.
You take 9 damage, and have 30/56 hp.
You barely miss Eustachio.
Eustachio is almost dead.
Eustachio breathes steam at you. The ball of steam hits you!
A jelly comes into view.
You hear an angry hiss.
You take 9 damage, and have 21/56 hp.
Eustachio barely misses you. Eustachio claws you.
You take 1 damage, and have 20/56 hp.
You closely miss Eustachio.
Eustachio is almost dead.
You are engulfed in a cloud of scalding steam.
* * * LOW HITPOINT WARNING * * *
Eustachio bites you!
You die...

......####...........## ....
##..#####............## ....
#.....................# ##..
....................J... ....
#..........[............. #...
##......................# ....
..#...............##...## #...
........................# #...
...#...........D@........ ....
..###.................... ....##
...##.........§.......... ....#..
......)......##§§.............#..
#.............§§§##.#............
....#........#..#####.....##.....
...###..###.##...................
#######.###...#.....##.##........
#⌠#_#_#.......#.....#..........>.


You could see Eustachio the steam dragon (corroded) and a jelly.

Vanquished Creatures
  2 water moccasins (D:5)
  An ice beast (D:5)
  4 scorpions
  2 hounds (D:4)
  A jelly (D:4)
  A sleepcap (D:5)
  An iguana (D:5)
  5 gnolls
  An adder (D:2)
  A shadow imp (D:5)
  A white imp (D:5)
  2 dart slugs
  A ribbon worm (D:2)
  4 orcs
  2 ball pythons
  10 endoplasms
  3 hobgoblins
  7 jackals
  12 kobolds
  8 quokkas
  6 bats
  5 frilled lizards
  2 goblins (D:2)
  4 rats
86 creatures vanquished.

Notes
Turn   | Place    | Note
-------+----------+-------------------------------------------
     0 | D:1      | backslashecho the Demonspawn Gladiator began the quest for
                  | the Orb.
     0 | D:1      | Reached XP level 1. HP: 16/16 MP: 1/1
    71 | D:1      | Reached skill level 3 in Long Blades
    71 | D:1      | Gained mutation: You are partially covered in rugged brown
                  | scales. (AC +1, +3% HP) [demonic ancestry]
    71 | D:1      | Reached XP level 2. HP: 15/22 MP: 2/2
   124 | D:1      | Found Pealuont's Distillery.
   800 | D:2      | Reached XP level 3. HP: 27/27 MP: 3/3
   938 | D:2      | Found a radiant altar of Vehumet.
  1256 | D:2      | HP: 1/28 [kobold/+0 short sword (4)]
  1568 | D:3      | Reached XP level 4. HP: 32/35 MP: 4/4
  2191 | D:2      | Reached skill level 4 in Long Blades
  2606 | D:4      | Reached XP level 5. HP: 36/42 MP: 5/5
  3263 | D:5      | Entered Level 5 of the Dungeon
  3263 | D:5      | Noticed Eustachio
  3424 | D:5      | Gained mutation: You are faintly shadowed, very rarely
                  | releasing foul flame when damaged in melee. [demonic
                  | ancestry]
  3424 | D:5      | Reached XP level 6. HP: 16/48 MP: 6/6
  3501 | D:4      | Reached skill level 5 in Long Blades
  3617 | D:5      | Eustachio changed into Eustachio the steam dragon
  3617 | D:5      | Noticed Eustachio
  3645 | D:5      | Noticed a water moccasin
  3661 | D:5      | Killed a water moccasin
  3662 | D:5      | Reached XP level 7. HP: 37/55 MP: 7/7
  3882 | D:5      | Noticed Sigmund
  3899 | D:5      | Reached skill level 6 in Long Blades
  4000 | D:5      | Identified the +6 quarterstaff "Lium" {flame, rC+ rN+}
  4056 | D:5      | Found a broken altar of Ashenzari.
  4096 | D:5      | Slain by Eustachio the steam dragon

Illustrated notes

Levels and vault maps discovered:
D:1:      wheals_arrival_shading, layout_basic, serial_forest,
          infiniplex_forest_end_3, infiniplex_forest_corner_2,
          infiniplex_forest_clump_large, infiniplex_forest_clump_C,
          infiniplex_forest_end_3, infiniplex_forest_clump_cross,
          infiniplex_forest_lined_corner, serial_shops, shop,
          grunt_decor_mini_mirrors
D:2:      layout_rooms, basic_altar, minmay_pentomino_v2
D:3:      layout_basic, kennysheep_generic_room_13
D:4:      layout_basic, nicolae_tricolors
D:5:      layout_cave_pools, mainiacjoe_overflow_brackets, minitemple,
          uniq_sigmund, uniq_eustachio

Skill      XL: |  1  2  3  4  5  6  7 |
---------------+----------------------+-----
Long Blades    | 3 4 5 6 |  6.2
Throwing       | 2 |  2.0
Dodging        | 3 4 |  4.8
Fighting       | 3 4 |  4.6

Action                     |  1- 3 |  4- 6 |  7- 9 || total
---------------------------+-------+-------+-------++-------
  Melee: Long sword        |   127 |   160 |    60 ||   347
  Evoke: Wand              |       |     4 |     3 ||     7
    Use: Scroll            |     1 |     1 |     1 ||     3
         Potion            |       |     1 |       ||     1
 Armour: Leather armour    |    91 |   104 |    39 ||   234
  Dodge: Dodged            |   105 |   111 |    39 ||   255

Table legend: (Time is in decaauts)
 A = Elapsed time spent in this place.
 B = Non-inter-level travel time spent in this place.
 C = Inter-level travel time spent in this place.
 D = Time resting spent in this place.
 E = Time spent auto-exploring this place.
 F = Levels seen in this place.
 G = Mean time per level.
                   A        B        C        D        E       F      G
               +--------+--------+--------+--------+--------+-----+--------+
         Total |   4172 |   3906 |    266 |    449 |   2280 |   5 |  834.4 |
       Dungeon |   4172 |   3906 |    266 |    449 |   2280 |   5 |  834.4 |
               +--------+--------+--------+--------+--------+-----+--------+

Top non-repeatable levels by time:
     D:4: 956 daAuts
     D:3: 887 daAuts
     D:2: 866 daAuts
     D:1: 808 daAuts
     D:5: 653 daAuts
